 Dungeon Crawl Stone Soup version 0.26-a0-597-gb535b0901c (webtiles) character file.

Game seed: 15341226450225941681

(classic levelgen) 7492 EnegeticOcto the Cleaver (level 10, -6/94 HPs)
             Began as a Deep Dwarf Fighter on Sept 1, 2020.
             Was a Believer of Makhleb.
             Mangled by a komodo dragon (12 damage)
             ... on level 10 of the Dungeon.
             The game lasted 00:04:34 (5028 turns).

EnegeticOcto the Cleaver (Deep Dwarf Fighter)       Turns: 5028, Time: 00:04:35

Health: -6/94      AC: 20    Str: 24    XL:     10   Next: 95%
Magic:  1/1        EV:  6    Int:  8    God:    Makhleb [**....]
Gold:   532        SH: 12    Dex: 12    Spells: 9/9 levels left

rFire    + . .     SeeInvis .   a - +0 war axe
rCold    . . .     Faith    .   c - +0 kite shield
rNeg     . . .     Spirit   .   A - +0 plate armour
rPois    .         Reflect  .   e - +0 helmet
rElec    .         Harm     .   u - +0 cloak
rCorr    .                      (no gloves)
MR       +....                  p - +2 pair of boots
Stlth    ..........             (no amulet)
HPRegen  0.00/turn              (no ring)
MPRegen  0.07/turn              q - ring of protection from fire

@: non-regenerating
A: damage resistance, heal wounds, sense surroundings 2, no regeneration
a: Heal Wounds, Minor Destruction, Renounce Religion


You were on level 10 of the Dungeon.
You worshipped Makhleb.
Makhleb was pleased with you.
You visited 2 branches of the dungeon, and saw 11 of its levels.

You collected 558 gold pieces.
You spent 26 gold pieces at shops.

Inventory:

Hand Weapons
 a - a +0 war axe (weapon)
Missiles
 i - a throwing net (quivered)
Armour
 c - a +0 kite shield (worn)
 e - a +0 helmet (worn)
 p - a +2 pair of boots (worn)
 u - a +0 cloak (worn)
 A - a +0 plate armour (worn)
Jewellery
 q - a ring of protection from fire (right hand)
 F - a +4 ring of evasion {unknown}
Wands
 h - a wand of digging (13) {@v3}
 j - a wand of paralysis (4)
 o - a wand of polymorph (3)
 y - a wand of disintegration (10)
 G - a wand of acid (9) {@v1}
Scrolls
 g - 2 scrolls of enchant weapon
 k - 5 scrolls of teleportation {@r3}
 l - 3 scrolls of remove curse {@r2}
 s - 2 scrolls of identify {@r1}
 t - a scroll of immolation {@r4}
 v - a scroll of enchant armour
 w - 2 scrolls of magic mapping {@r5}
 x - 5 scrolls of fear
 C - a scroll of blinking {unknown}
 E - a scroll of fog
Potions
 b - a potion of invisibility
 d - 2 potions of might {@q3}
 f - 2 potions of haste {@q4}
 m - a potion of resistance {unknown}
 n - 3 potions of brilliance {unknown}
 r - a potion of ambrosia {unknown}
 z - 2 potions of curing {unknown}
 B - 4 potions of lignification {unknown}
 D - a potion of berserk rage {unknown}


   Skills:
 + Level 7.2 Fighting
 * Level 11.4 Axes
 + Level 8.7 Armour
 + Level 8.7 Shields
 + Level 5.3 Invocations


You had 9 spell levels left.
You didn't know any spells.
Your spell library was empty.

Dungeon Overview and Level Annotations

Branches:
Dungeon (10/15)            Temple (1/1) D:6            Lair (0/6) D:10
    Orc (0/2) D:10

Altars:
Ashenzari
Cheibriados
Dithmenos
Elyvilon
Fedhas
Gozag
Hepliaklqana
Kikubaaqudgha
Makhleb
Nemelex Xobeh
Okawaru
Qazlal
Ru
Sif Muna
Trog
Uskayaw
Vehumet
Xom
Yredelemnul
Zin
The Shining One

Shops:
D:7 [   D:8 *   D:9 *

Annotations:
D:7 1 exclusion


Innate Abilities, Weirdness & Mutations

You are resistant to damage.
You can heal yourself by infusing magical energy.
You passively map the area around you.
You do not regenerate.


Message History

No target in view!
No target in view!
Magic restored.
You open the door.
There is an open door here.
Found an escape hatch in the floor.
Found a stone staircase leading down.
You open the door.
There is an open door here.
As you open the door, it creaks loudly!
You hear an angry hiss.
There is an open door here.
The komodo dragon hisses angrily.
The komodo dragon bites the plant.
The plant begins to die.
You open the door.
The komodo dragon bites the plant!!
The plant begins to die.
Found a staircase to the Lair.
There is an open door here.
A nearby plant withers and dies.
A komodo dragon is nearby!
A komodo dragon is nearby!
There is an open door here.
The komodo dragon bites you.
Found a dyed leather armour.
You hit the komodo dragon.
The komodo dragon is lightly wounded.
A nearby plant withers and dies.
You block the komodo dragon's attack.
You slash the komodo dragon!
The komodo dragon is moderately wounded.
The komodo dragon bites you.
You hit the komodo dragon.
The komodo dragon is moderately wounded.
The komodo dragon completely misses you.
You slash the komodo dragon!
The komodo dragon is heavily wounded.
You block the komodo dragon's attack.
You closely miss the komodo dragon.
The komodo dragon is heavily wounded.
The komodo dragon bites you!!
You barely miss the komodo dragon.
The komodo dragon is heavily wounded.
The komodo dragon bites you but does no damage.
You hit the komodo dragon but do no damage.
The komodo dragon is heavily wounded.
You block the komodo dragon's attack.
You completely miss the komodo dragon.
The komodo dragon is heavily wounded.
The komodo dragon bites you but does no damage.
You hit the komodo dragon but do no damage.
The komodo dragon is heavily wounded.
The komodo dragon bites you!
You barely miss the komodo dragon.
The komodo dragon is heavily wounded.
You block the komodo dragon's attack.
You hit the komodo dragon but do no damage.
The komodo dragon is heavily wounded.
You block the komodo dragon's attack.
Your shield prevents you from hitting the komodo dragon.
The komodo dragon is heavily wounded.
You block the komodo dragon's attack.
You hit the komodo dragon.
The komodo dragon is heavily wounded.
The komodo dragon bites you!!
A komodo dragon is nearby!
A komodo dragon is nearby!
A komodo dragon is nearby!
A komodo dragon is nearby!
A komodo dragon is nearby!
You are too injured to fight recklessly!
You are too injured to fight recklessly!
You are too injured to fight recklessly!
You are too injured to fight recklessly!
You are too injured to fight recklessly!
You are too injured to fight recklessly!
You are too injured to fight recklessly!
You are too injured to fight recklessly!
You are too injured to fight recklessly!
You are too injured to fight recklessly!
You are too injured to fight recklessly!
You are too injured to fight recklessly!
You are too injured to fight recklessly!
You are too injured to fight recklessly!
You are too injured to fight recklessly!
You slash the komodo dragon!
The komodo dragon is severely wounded.
The komodo dragon bites you!!
* * * LOW HITPOINT WARNING * * *
You slash the komodo dragon!
The komodo dragon is almost dead.
The komodo dragon bites you!
* * * LOW HITPOINT WARNING * * *
You hit the komodo dragon but do no damage.
The komodo dragon is almost dead.
You block the komodo dragon's attack.
You hit the komodo dragon but do no damage.
The komodo dragon is almost dead.
You block the komodo dragon's attack.
You closely miss the komodo dragon.
The komodo dragon is almost dead.
The komodo dragon bites you!
You die...

###'################.#.
#.### ##... #...##
#..## ###..# #.##
####'## #.# #.....#####
####'### #.....'...#
#.......
##.....###.^..+......†
#....@##* ####.......
#.P...l...# #.......
PP.PP......# * #.......
PPP..P....... #.[.....
*PP...PPPP....#
#....... PP.>.PPPPP.[##
########


*PP..PPPPPPP## *#PPPPPPPPP## * * ** You could see a komodo dragon.

Vanquished Creatures
  Snorg (D:10)
  Harold (D:9)
  A two-headed ogre (D:9)
  Maggie (D:10)
  Grinder (D:5)
  3 wyverns
  Menkaure (D:7)
  A water moccasin (D:8)
  3 ice beasts
  A necrophage (D:9)
  11 orc warriors
  A black bear (D:7)
  3 ogres
  3 centaurs
  5 bullfrogs
  4 scorpions
  2 howler monkeys
  2 jellies (D:10)
  4 wights (D:9)
  2 bullfrog zombies
  9 orc priests
  6 hounds
  2 bullfrog skeletons (D:4)
  7 orc wizards
  A centaur skeleton (D:8)
  Crazy Yiuf (D:6)
  2 iguanas (D:9)
  4 worker ants
  2 hound skeletons (D:9)
  Robin (D:2)
  A worker ant zombie (D:5)
  6 gnolls
  11 adders
  3 shadow imps
  5 white imps
  2 ufetubi
  An adder zombie (D:7)
  An ooze (D:3)
  An adder skeleton (D:7)
  A worm (D:4)
  2 dart slugs
  A leopard gecko (D:8)
  53 orcs
  3 giant cockroaches
  8 goblins
  6 hobgoblins
  6 jackals
  7 kobolds (D:2)
  A quokka (D:6)
  A ball python (D:3)
  2 bats
  A frilled lizard (D:2)
  A leopard gecko skeleton (D:6)
  2 rats
212 creatures vanquished.

Vanquished Creatures (others)
  2 plants (D:10)
2 creatures vanquished.

Grand Total: 214 creatures vanquished

Notes
Turn   | Place    | Note
-------+----------+-------------------------------------------
     0 | D:1      | EnegeticOcto the Deep Dwarf Fighter began the quest for the
                  | Orb.
     0 | D:1      | Reached XP level 1. HP: 20/20 MP: 1/1
    28 | D:2      | Noticed Robin
    33 | D:2      | Reached XP level 2. HP: 20/27 MP: 2/2
    45 | D:2      | Killed Robin
    45 | D:2      | Reached skill level 3 in Axes
    45 | D:2      | Reached XP level 3. HP: 28/34 MP: 3/3
   179 | D:2      | Reached XP level 4. HP: 32/42 MP: 4/4
   279 | D:3      | Found a snail-covered altar of Cheibriados.
   419 | D:4      | Reached skill level 4 in Axes
   419 | D:4      | Reached XP level 5. HP: 39/49 MP: 5/5
   575 | D:4      | Reached XP level 6. HP: 34/57 MP: 6/6
   650 | D:4      | Found a bloodstained altar of Trog.
   672 | D:4      | Reached skill level 5 in Axes
   838 | D:5      | Entered Level 5 of the Dungeon
   866 | D:5      | Found a white marble altar of Elyvilon.
   903 | D:5      | Noticed Grinder
   909 | D:5      | Paralysed by Grinder for 2 turns
   918 | D:5      | Killed Grinder
   918 | D:5      | Reached skill level 5 in Armour
   918 | D:5      | Reached skill level 5 in Shields
   918 | D:5      | Reached XP level 7. HP: 58/64 MP: 7/7
   954 | D:5      | Reached skill level 6 in Axes
  1448 | D:5      | Found a glowing silver altar of Zin.
  1520 | D:6      | Found a shimmering altar of Xom.
  1520 | D:6      | Found a shimmering altar of Xom.
  1605 | D:6      | Reached XP level 8. HP: 37/73 MP: 7/7
  1619 | D:6      | Found an iron altar of Okawaru.
  1620 | D:6      | Found a staircase to the Ecumenical Temple.
  1728 | Temple   | Entered the Ecumenical Temple
  1845 | D:6      | Found a runed translucent door.
  1846 | D:6      | Noticed Crazy Yiuf
  1921 | D:6      | Found a shimmering altar of Xom.
  1921 | D:6      | Found a shimmering altar of Xom.
  1922 | D:6      | Found a shimmering altar of Xom.
  1931 | D:6      | You fall into a shaft and drop 2 floors!
  1935 | D:8      | Found a basalt altar of Yredelemnul.
  1955 | D:7      | Reached skill level 7 in Axes
  1968 | D:7      | Noticed Menkaure
  1981 | D:7      | Killed Menkaure
  2036 | D:7      | Found a glowing golden altar of the Shining One.
  2110 | D:7      | Found a glowing silver altar of Zin.
  2124 | D:7      | Found Qibasig's Antique Armour Shoppe.
  2181 | D:7      | Found a shadowy altar of Dithmenos.
  2260 | D:7      | Found a blossoming altar of Fedhas.
  2278 | D:7      | Reached skill level 5 in Fighting
  2569 | D:6      | Reached skill level 8 in Axes
  2750 | D:6      | Killed Crazy Yiuf
  3145 | D:8      | Gained mutation: You passively map the area around you.
                  | [Deep Dwarf growth]
  3145 | D:8      | Reached XP level 9. HP: 45/81 MP: 2/2
  3264 | D:8      | Found Bashose's Assorted Antiques.
  3267 | D:8      | Bought a scroll labeled ZOKKUYTHAE for 26 gold pieces
  3370 | D:8      | Reached skill level 9 in Axes
  3658 | D:9      | Found a stormy altar of Qazlal.
  3823 | D:9      | Found a burning altar of Makhleb.
  3843 | D:9      | Became a worshipper of Makhleb the Destroyer
  3972 | D:9      | Reached skill level 1 in Invocations
  4030 | D:9      | Noticed a two-headed ogre
  4043 | D:9      | Killed a two-headed ogre
  4043 | D:9      | Reached skill level 10 in Axes
  4043 | D:9      | Reached XP level 10. HP: 39/92 MP: 1/3
  4144 | D:9      | Found Herenn's General Store.
  4309 | D:10     | Entered Level 10 of the Dungeon
  4309 | D:10     | Noticed Harold
  4353 | D:9      | Killed Harold
  4371 | D:10     | Reached * piety under Makhleb
  4476 | D:10     | Found a staircase to the Orcish Mines.
  4536 | D:10     | Noticed Snorg
  4575 | D:10     | Killed Snorg
  4575 | D:10     | Reached skill level 11 in Axes
  4660 | D:10     | Reached skill level 5 in Invocations
  4669 | D:10     | Reached ** piety under Makhleb
  4760 | D:10     | Noticed Maggie
  4782 | D:10     | Killed Maggie
  5006 | D:10     | Found a staircase to the Lair.
  5028 | D:10     | Mangled by a komodo dragon

Illustrated notes

Levels and vault maps discovered:
D:1:      lightli_arrival_boilingwater, layout_loops_cross
D:2:      layout_rooms, gammafunk_temple_overflow_arena, uniq_robin
D:3:      layout_loops_cross, cheibriados_altar_1, uniq_jessica
D:4:      layout_cave_pools, lightli_temple_of_fire
D:5:      layout_basic, elyvilon_altar_4, zin_statuary, uniq_grinder
D:6:      layout_loops_cross, okawaru_metal_pillars_1_2,
          minmay_temple_entry_trees, xom_redecorated, uniq_crazy_yiuf_cottage
D:7:      layout_loops_ring, lemuel_doored_altar,
          nicolae_dithmenos_through_a_glass_darkly, fedhas_altar_1,
          serial_shops, shop, lemuel_centaur_altar, uniq_menkaure
D:8:      layout_cave_pools, lemuel_crystal_altar, serial_shops,
          nicolae_shop_window_shopping
D:9:      kennysheep_spiral_hall, layout_irregular_city,
          makhleb_blood_cavern_becter, nicolae_qazlal_style_of_elements,
          serial_shops, shop
D:10:     layout_roguey [special_room_orc], david_lair_shrubbed, erik_orc_2,
          hangedman_decor_peaks_small, uniq_maggie, uniq_snorg, uniq_harold
Temple:   eino_temple_lava

Skill      XL: |  1  2  3  4  5  6  7  8  9 10 |
---------------+-------------------------------+-----
Fighting       | 3 4 5 6 7 |  7.2
Axes           | 3 4 5 6 8 10 11 | 11.4
Armour         | 4 5 6 7 8 |  8.7
Shields        | 4 5 6 7 8 |  8.7
Invocations    | 2 5 |  5.3

Action                   |  1- 3 |  4- 6 |  7- 9 | 10-12 || total
-------------------------+-------+-------+-------+-------++-------
Melee: War axe           |    50 |   125 |   349 |   249 ||   773
 Abil: Heal Wounds       |     2 |     2 |    19 |    26 ||    49
  Use: Scroll            |       |       |    13 |       ||    13
Armor: Scale mail        |    37 |    67 |    38 |       ||   142
       Chain mail        |       |       |    62 |       ||    62
       Plate armour      |       |       |    92 |   149 ||   241
Dodge: Dodged            |    24 |    54 |    77 |    45 ||   200
Block: Kite shield       |    49 |    80 |   204 |   157 ||   490

Table legend: (Time is in decaauts)
 A = Elapsed time spent in this place.
 B = Non-inter-level travel time spent in this place.
 C = Inter-level travel time spent in this place.
 D = Time resting spent in this place.
 E = Time spent auto-exploring this place.
 F = Levels seen in this place.
 G = Mean time per level.
                   A        B        C        D        E       F      G
               +--------+--------+--------+--------+--------+-----+--------+
         Total |   5166 |   4877 |    289 |      0 |   3385 |  11 |  469.6 |
       Dungeon |   5094 |   4812 |    282 |      0 |   3321 |  10 |  509.4 |
        Temple |     71 |     65 |      6 |      0 |     64 |   1 |   71.0 |
               +--------+--------+--------+--------+--------+-----+--------+

Top non-repeatable levels by time:
     D:6: 975 daAuts
     D:9: 739 daAuts
     D:5: 701 daAuts
    D:10: 693 daAuts
     D:7: 577 daAuts
     D:8: 503 daAuts
     D:4: 455 daAuts
     D:2: 285 daAuts
     D:3: 134 daAuts
  Temple: 71 daAuts
     D:1: 29 daAuts
